 Dungeon Crawl Stone Soup version 0.15-a0-225-ga4013df (webtiles) character file.

13293 BluebellGnoll the Nimble (level 11, -4/111 HPs)
             Began as an Ogre Hunter on Apr 25, 2014.
             Was a High Priest of Okawaru.
             Slain by an orc warrior
             ... wielding a +0,+0 mace
              (19 damage)
             ... on Level 1 of the Orcish Mines.
             The game lasted 02:05:04 (11566 turns).

BluebellGnoll the Nimble (Ogre Hunter)             Turns: 11566, Time: 02:05:04

HP  -4/111       AC  8     Str 22      XL: 11   Next: 96%
MP  11/11        EV 14     Int 10      God: Okawaru [*****.]
Gold 640         SH  0     Dex 10      Spells:  0 memorised, 10 levels left

rFire  + . .     SeeInvis .     Y - +2,+4 dire flail
rCold  . . .     Clarity  .     d - +1 animal skin
rNeg   . . .     Conserve .     (shield restricted)
rPois  .         rCorr    .     l - +1 hat {MR+}
rElec  .         rRot     .     X - +2 cloak
SustAb . .       Spirit   .     (gloves unavailable)
rMut   .         Warding  .     (boots unavailable)
Gourm  +         Stasis   .     M - amulet of the gourmand
MR     ++...                    k - ring of protection from fire
                                H - ring of sustenance

@: very resistant to hostile enchantments, unstealthy
A: unfitting armour, fast metabolism 1, saprovore 1, tough skin 1
a: Heroism, Finesse, Renounce Religion


You were on level 1 of the Orcish Mines.
You worshipped Okawaru.
Okawaru was extremely pleased with you.
You were full.

You visited 4 branches of the dungeon, and saw 13 of its levels.
You also visited: Bailey.

You collected 640 gold pieces.

Inventory:

Hand weapons
 b - a +1,+1 vampiric whip
 y - a +0 blowgun
 Y - a +2,+4 dire flail (weapon)
Missiles
 c - 2 throwing nets (quivered)
 f - 10 tomahawks of returning
 g - 10 curare-tipped needles
Armour
 d - a +1 animal skin (worn)
 l - a +1 hat of magic resistance (worn)
 X - a +2 cloak (worn)
Magical devices
 p - a wand of cold (0)
 w - a wand of paralysis (20)
 I - a wand of hasting (4)
Comestibles
 h - 5 bread rations
Scrolls
 i - a scroll of blinking
 j - 3 scrolls of remove curse
 o - 5 scrolls of teleportation
 Q - a scroll of vulnerability
 V - a scroll of identify
Jewellery
 k - a ring of protection from fire (right hand)
 D - an uncursed ring of see invisible
 H - a ring of sustenance (left hand)
 M - an amulet of the gourmand (around neck)
Potions
 a - a potion of beneficial mutation {unknown}
 n - a potion of degeneration {unknown}
 q - 2 potions of invisibility {unknown}
 t - 3 potions of heal wounds
 u - a potion of brilliance
 v - a potion of resistance {unknown}
 x - 2 potions of haste
 A - a potion of might
 B - a potion of restore abilities {unknown}
 E - 2 potions of curing
 F - a potion of berserk rage {unknown}
 G - a potion of experience {unknown}
 K - a potion of agility
 T - 2 potions of paralysis {unknown}


   Skills:
 - Level 7.9 Fighting
 * Level 9.3 Maces & Flails
 + Level 11.4 Throwing
 * Level 12.1 Dodging
 - Level 0.7 Stealth


You had 10 spell levels left.
You didn't know any spells.

Dungeon Overview and Level Annotations

Branches:
Dungeon (10/15)            Temple (1/1) D:7             Orc (1/4) D:9
   Lair (1/8) D:9

Altars:
Ashenzari
Cheibriados
Elyvilon
Fedhas
Makhleb
Nemelex Xobeh
Okawaru
Trog
Vehumet
Xom
Yredelemnul
Zin
The Shining One

Shops:
D:4 :


Innate Abilities, Weirdness & Mutations

You are too large for most types of armour.
You have a fast metabolism.
You can tolerate rotten meat.
You have tough skin (AC +1).


Message History

The orc warrior closely misses you. The orc closely misses you.
An orc comes into view. It is wielding a flail.
You barely miss the orc warrior.
The orc warrior is severely wounded.
The orc shouts!
The orc misses you.
You hit the orc warrior but do no damage.
The orc warrior is severely wounded.
The orc warrior completely misses you. The orc misses you.
The orc closely misses you.
You barely miss the orc warrior.
The orc warrior is severely wounded.
The orc warrior hits you with a mace.
* * * LOW HITPOINT WARNING * * *
The orc hits you but does no damage. 2 orcs come into view.
You hit the orc warrior.
The orc warrior is almost dead.
The orc barely misses you. The orc warrior hits you with a mace!
You die...

#...#.......).....##
##..................#
#...[.......(......##
##.)<%.....>.......#
#.)[)..)......##.##
##............####
#.......#....#.##
##........#......#
#......o@....#....
##.....ooo..###..$.
#......#.o....$..#
##......)........
###.#..(.....##.
##...(...o##
...(.((o.. .........
..##


You could see an orc warrior and 6 orcs.

Vanquished Creatures
  Gastronok (D:9)
  Harold (D:10)
  A hydra (D:10)
  An unseen horror (D:10)
  Erolcha (D:10)
  Joseph (D:9)
  2 hill giants (D:10)
  A gargoyle (D:10)
  Grinder (D:3)
  A troll (D:9)
  Sonja (D:10)
  2 yaks (D:10)
  A shadow (D:8)
  2 wyverns
  Grum (D:8)
  A hippogriff (D:3)
  4 wolves (D:8)
  A hungry ghost (D:9)
  A warg (D:9)
  A hill giant skeleton (D:10)
  A necrophage (D:6)
  A porcupine (Lair:1)
  2 water moccasins
  7 orc warriors
  A black bear (D:9)
  A centaur (D:7)
  4 sky beasts
  6 ogres
  An ice beast (D:9)
  3 big kobolds (D:10)
  Duvessa (D:9)
  A giant slug (Lair:1)
  Blork the orc (D:4)
  The ghost of marcus the Ruffian, an average NaTm (D:4)
  A water moccasin skeleton (D:9)
  2 scorpions
  3 giant frogs
  5 killer bees (D:9)
  2 goliath beetles
  Dowan (D:9)
  3 crimson imps
  11 orc priests
  5 hounds
  An iguana (D:10)
  2 jellies
  7 worker ants
  10 orc wizards
  Natasha (twice) (D:6)
  2 sheep (D:10)
  An ogre zombie (D:6)
  A hound zombie (D:8)
  17 gnolls
  11 adders
  2 giant mites
  2 shadow imps
  7 worms
  An iguana zombie (D:6)
  An iguana skeleton (D:5)
  A giant eyeball (D:10)
  6 giant geckos
  4 oozes
  58 orcs
  13 bats
  16 goblins
  22 hobgoblins
  13 jackals
  2 quokkas
  11 giant cockroaches
  3 giant newts
  2 giant spores
  27 kobolds
  24 rats
  2 rat skeletons
  5 ballistomycetes
366 creatures vanquished.

Vanquished Creatures (others)
  An orc (D:9)
  A hobgoblin (D:1)
  A ballistomycete (D:6)
3 creatures vanquished.

Grand Total: 369 creatures vanquished

Notes
Turn   | Place    | Note
--------------------------------------------------------------
     0 | D:1      | BluebellGnoll, the Ogre Hunter, began the quest for the Orb.
     0 | D:1      | Reached XP level 1. HP: 22/22 MP: 1/1
    77 | D:1      | Reached XP level 2. HP: 13/29 MP: 2/2
   441 | D:1      | Reached XP level 3. HP: 19/36 MP: 3/3
  1374 | D:1      | Reached XP level 4. HP: 28/44 MP: 4/4
  2394 | D:3      | Reached XP level 5. HP: 52/52 MP: 5/5
  2573 | D:3      | Found a snail-covered altar of Cheibriados.
  2619 | D:3      | Noticed Grinder
  2619 | D:3      | Paralysed by Grinder for 2 turns
  2626 | D:3      | Killed Grinder
  2626 | D:3      | Reached skill level 5 in Throwing
  2626 | D:3      | Reached skill level 5 in Dodging
  2626 | D:3      | Reached XP level 6. HP: 45/62 MP: 6/6
  2789 | D:3      | Noticed a hippogriff
  2793 | D:3      | Killed a hippogriff
  2793 | D:3      | Reached XP level 7. HP: 70/70 MP: 7/7
  3068 | D:4      | Found a basalt altar of Yredelemnul.
  3157 | D:4      | Found a shattered altar of Ashenzari.
  3301 | D:4      | Found Miatuar's Book Emporium.
  3326 | D:4      | Noticed marcus' ghost (average NaTm)
  3338 | D:4      | Killed marcus' ghost
  3338 | D:4      | Reached skill level 6 in Dodging
  3421 | D:4      | Noticed Blork the orc
  3431 | D:4      | Killed Blork the orc
  3621 | D:4      | Reached XP level 8. HP: 79/79 MP: 8/8
  3699 | D:5      | Entered Level 5 of the Dungeon
  4898 | D:6      | Reached skill level 7 in Dodging
  5101 | D:6      | Reached skill level 5 in Maces & Flails
  5655 | D:6      | Reached skill level 8 in Dodging
  5792 | D:6      | Noticed Natasha
  5804 | D:6      | Killed Natasha
  5831 | D:6      | Found a glowing golden altar of the Shining One.
  5906 | D:6      | Noticed Natasha
  5908 | D:6      | Killed Natasha
  6026 | D:7      | Got a polished long sword
  6157 | D:7      | Reached XP level 9. HP: 83/85 MP: 9/9
  6187 | D:7      | Found a flagged portal.
  6205 | Bailey   | Entered a bailey
  6409 | Bailey   | Reached skill level 9 in Dodging
  6935 | D:7      | Found a staircase to the Ecumenical Temple.
  6939 | D:7      | Reached skill level 5 in Fighting
  6964 | Temple   | Entered the Ecumenical Temple
  6997 | Temple   | Became a worshipper of Warmaster Okawaru
  7613 | D:8      | Noticed Grum
  7624 | D:8      | Killed Grum
  7635 | D:8      | Reached skill level 10 in Dodging
  7651 | D:8      | Acquired Okawaru's first power
  8105 | D:8      | Reached XP level 10. HP: 98/98 MP: 10/10
  8184 | D:9      | Noticed Gastronok
  8210 | D:9      | Killed Gastronok
  8386 | D:9      | Found a staircase to the Lair.
  8464 | D:9      | Found a white marble altar of Elyvilon.
  8511 | D:9      | Found a staircase to the Orcish Mines.
  8576 | D:9      | Reached skill level 11 in Dodging
  8902 | D:9      | Noticed Duvessa
  8902 | D:9      | Noticed Dowan
  8910 | D:9      | Killed Dowan
  8914 | D:9      | Killed Duvessa
  8947 | D:9      | Noticed Joseph
  8960 | D:9      | Killed Joseph
  9433 | D:10     | Entered Level 10 of the Dungeon
  9471 | D:10     | Noticed Erolcha
  9485 | D:10     | Killed Erolcha
  9485 | D:10     | Reached skill level 10 in Throwing
  9485 | D:10     | Reached XP level 11. HP: 92/111 MP: 11/11
  9608 | D:10     | Noticed an unseen horror
  9614 | D:10     | Killed an unseen horror
  9739 | D:10     | Noticed a two-headed hydra
  9745 | D:10     | Killed a two-headed hydra
  9745 | D:10     | Acquired Okawaru's second power
  9784 | D:10     | Noticed a hill giant
  9787 | D:10     | Killed a hill giant
  9816 | D:10     | Paralysed by a giant eyeball for 2 turns
  9860 | D:10     | Noticed a hill giant
  9868 | D:10     | Killed a hill giant
  9886 | D:10     | Noticed Harold
  9921 | D:10     | Killed Harold
 10326 | D:10     | Reached skill level 12 in Dodging
 10538 | D:10     | Noticed Sonja
 10565 | D:10     | Killed Sonja
 10581 | D:10     | Received a gift from Okawaru
 10798 | Lair:1   | Entered Level 1 of the Lair of Beasts
 10980 | Orc:1    | Entered Level 1 of the Orcish Mines
 11469 | Orc:1    | Found a burning altar of Makhleb.
 11566 | Orc:1    | Slain by an orc warrior

Action                   |  1- 3 |  4- 6 |  7- 9 | 10-12 || total
-------------------------+-------+-------+-------+-------++-------
Melee: Club              |   109 |    42 |       |       ||   151
       Whip              |       |    59 |    77 |    82 ||   218
       Flail             |       |       |    44 |    50 ||    94
       Dire flail        |       |       |       |   118 ||   118
 Fire: Blowgun           |       |       |       |     4 ||     4
Throw: Large rock        |    23 |    58 |   144 |    69 ||   294
       Javelin           |       |       |    40 |    34 ||    74
       Throwing net      |       |       |     6 |       ||     6
       Tomahawk          |       |       |    71 |    96 ||   167
Invok: Heroism           |       |       |       |     3 ||     3
Evoke: Wand              |       |       |     6 |    11 ||    17
  Use: Scroll            |       |     4 |    14 |     5 ||    23
       Potion            |       |       |       |     3 ||     3
 Stab: Held in net/web   |       |       |     2 |     1 ||     3
       Paralysed         |       |       |       |     1 ||     1
